 Dungeon Crawl Stone Soup version 0.17.1-2-g5865329 (webtiles) character file.

128 xeno23 the Charmwright (level 4, -5/30 HPs)
             Began as a High Elf Skald on Jan 31, 2016.
             Slain by an ogre
             ... wielding a +0 giant club
              (7 damage)
             ... on level 3 of the Dungeon.
             The game lasted 00:09:09 (2364 turns).

xeno23 the Charmwright (High Elf Skald)             Turns: 2364, Time: 00:09:09

Health: -5/30      AC:  5    Str: 12    XL:     4   Next: 87%
Magic:  7/9        EV: 12    Int: 15    God:
Gold:   156        SH:  0    Dex: 18    Spells: 3 memorised, 3 levels left

rFire  . . .     SeeInvis .     t - +0 blowgun
rCold  . . .     Clarity  .     b - +0 leather armour
rNeg   . . .     SustAt   .     (no shield)
rPois  .         Gourm    .     g - +1 helmet
rElec  .         Spirit   .     (no cloak)
rCorr  .         Warding  .     (no gloves)
rMut   .         Stasis   .     (no boots)
MR     .....                    (no amulet)
Stlth  +.........               (no ring)
                                l - +3 ring of dexterity

@: about to teleport, not resistant to hostile enchantments, very unstealthy
A: no striking features
a: no special abilities


You were on level 3 of the Dungeon.
You were not hungry.

You visited 1 branch of the dungeon, and saw 3 of its levels.

You collected 156 gold pieces.

Inventory:

Hand Weapons
 a - a +0 falchion
 m - a +0 trident
 t - a +0 blowgun (weapon)
Missiles
 u - 5 poisoned needles (quivered)
Armour
 b - a +0 leather armour (worn)
 g - a +1 helmet (worn)
 n - a +0 ring mail
Jewellery
 l - a +3 ring of dexterity (left hand)
Scrolls
 e - 6 scrolls of identify {unknown}
 h - 3 scrolls of remove curse {unknown}
 o - a scroll of blinking {unknown}
 q - a scroll of magic mapping {unknown}
Potions
 j - a potion of curing
 s - 2 potions of agility {unknown}
Books
 c - a book of Battle

   Spells                             Type                      Level
   a - Infusion                       Charms                       1
   b - Shroud of Golubria             Charms/Translocation         2
   c - Song of Slaying                Charms                       2
   d - Spectral Weapon                Hexes/Charms                 3
   e - Regeneration                   Charms/Necromancy            3
Comestibles
 d - 3 bread rations
 f - a royal jelly
 i - a meat ration
 p - 4 fruits
 r - 2 beef jerkies
 v - 2 chunks of flesh


   Skills:
 * Level 2.8 Fighting
 * Level 3.6 Long Blades
 + Level 1.9 Armour
 + Level 2.0 Dodging
 + Level 3.1 Spellcasting
 + Level 4.1 Charms


You had 3 spell levels left.
You knew the following spells:

 Your Spells              Type           Power        Failure   Level  Hunger
a - Infusion              Chrm           ##....       6%          1    #......
d - Shroud of Golubria    Chrm/Tloc      #.........   21%         2    ##.....
s - Spectral Weapon       Hex/Chrm       #.......     38%         3    ###....


Dungeon Overview and Level Annotations

Branches:
Dungeon (3/15)

Altars:


Message History

Drink which item? (? for menu, Esc to quit)
It was a potion of curing.
You feel better. Something hits you but does no damage.
Firing (i - inventory):
u - 6 poisoned needles (quivered)
Press: ? - help, Shift-Dir - straight line, f/p - ogre
Aim: an ogre, wielding a giant club You shoot a poisoned needle.
The poisoned needle hits the ogre!
The ogre is poisoned.
The ogre hits you with a giant club!!
Ouch! That really hurt!
* * * LOW HITPOINT WARNING * * *
You hear some strange, mumbled words.
A magic dart appears from out of thin air!
The magic dart hits you!
* * * LOW HITPOINT WARNING * * *
You take 28 damage.
Read which item? (? for menu, Esc to quit)
As you read the scroll labeled DILOIN LIBLOG, it crumbles to dust.
You feel strangely unstable.
It was a scroll of teleportation.
The ogre hits you with a giant club!
You die...

...÷<...##.......#.......#.#.####
###.....##...≈...#....##.#.#)####
#.....##..≈≈≈..#...............
#.....##..%≈...#..........#####
#.....##.......#..........#
#.....##.......#..........#
#.....# ###'####..........#
####### #...)O(...........#
#....{@...........#
#.................#
#.................#
#.................#
#............... ############....
...


You could see an ogre.

Vanquished Creatures
  Terence (D:2)
  Robin (D:2)
  3 adders
  An ooze (D:1)
  A giant gecko (D:3)
  4 orcs (D:3)
  A ball python (D:3)
  6 bats
  2 giant cockroaches
  13 hobgoblins
  3 giant newts
  15 goblins
  4 kobolds
  4 rats
59 creatures vanquished.

Notes
Turn   | Place    | Note
--------------------------------------------------------------
     0 | D:1      | xeno23 the High Elf Skald began the quest for the Orb.
     0 | D:1      | Reached XP level 1. HP: 14/14 MP: 4/4
    75 | D:1      | Reached skill level 1 in Armour
    75 | D:1      | Reached XP level 2. HP: 5/19 MP: 0/6
   826 | D:2      | Reached XP level 3. HP: 20/24 MP: 3/7
   830 | D:2      | Learned a level 2 spell: Shroud of Golubria
   834 | D:2      | Learned a level 3 spell: Spectral Weapon
   941 | D:2      | Noticed Terence
   999 | D:2      | Killed Terence
   999 | D:2      | Reached skill level 4 in Charms
  1222 | D:2      | Noticed Robin
  1234 | D:2      | Reached XP level 4. HP: 25/30 MP: 3/9
  1457 | D:2      | Killed Robin
  2353 | D:3      | Noticed an ogre
  2364 | D:3      | Slain by an ogre

Action                   |  1- 3 |  4- 6 || total
-------------------------+-------+-------++-------
Melee: Falchion          |    76 |    78 ||   154
 Fire: Blowgun           |       |     2 ||     2
 Cast: Infusion          |     9 |     5 ||    14
       Shroud of Golubri |     3 |     3 ||     6
       Spectral Weapon   |     1 |     3 ||     4
  Use: Potion            |       |     3 ||     3
       Scroll            |       |     1 ||     1
 Stab: Sleeping          |       |     1 ||     1
  Eat: Chunk             |     1 |     5 ||     6
